← All builds
Suicide front / Armada / Factory first / OBSERVED BUILD

Standard suicide front

Armada Suicide front build order · Supreme Isthmus

The role's standard play: bot lab first, Rocketeer/Centurion/Pawn based force pushes into the middle to contest and hold it until T2 arrives.

Usually lab first (63%)

#rush #push · 1326 distinct matches · 131 players · 71% of Armada Suicide front games · team won 59% of 1571 · Recently observed

HOW TO PLAY IT

Key timing: Bot Lab by 0:20

  1. Open with mex and wind, drop Bot Lab immediately.
  2. Push out first "Centurion" as Pond's boost lands.
  3. Send "Rocketeer", "Centurion", "Pawn" mix to contest middle.
  4. Add Dragon's Teeth and Sentries to hold the line.
  5. Get Advanced Metal Extractor up as T2 nears.

Phase by phase

TYPICAL OF ITS 1326 GAMES
  1. 1
  2. 2
  3. 3
PLAY THE OPENING

Follow the example game's first 6:00 step by step: what to build now, what comes next, and where it goes. At 1× it keeps pace with your own game.

  1. 1

    Bot Lab first

    Order
    1. Bot LabBot Lab done ~0:20, middle half 0:20–0:33

    Some games also: mex (37%)

  2. 2

    Bot Lab to 5:00

    Economy
    • Metal Extractor5Mex
    • Wind Turbine4Wind
    Builders
    • Construction Bot3 Con bot
    • Lazarus2 Lazarus
    Army
    • Sentry4 Sentry
    • Rocketeer17 Rocketeer
    • Tick2 Tick
    • Centurion1 Centurion
    Other
    • Radar Tower1 Radar Tower

    Some games also: con turret (35%) · pawn (33%)

    By 5:00 in all: 5 mex · 4 wind

    The example game in this phase · 35 steps
    1. Mexfor Pond
    2. Construction BotCon botfor Pond
    3. Windfor Pond
    4. LazarusLazarus
    5. Mexfor Pond
    6. TickTick
    7. PawnPawn ×3
    8. LazarusLazarus
    9. Mexfor Pond
    10. PawnPawn ×3
    11. RocketeerRocketeer ×3
    12. Windfor Pond
    13. RocketeerRocketeer ×2
    14. Construction BotCon bot
    15. Windfor Pond
    16. Construction BotCon bot ×2for Pond
    17. LazarusLazarusfor Pond
    18. Windfor Pond
    19. Mex
    20. TickTick
    21. PawnPawn ×2
    22. CenturionCenturion
    23. Energy storagefor Pond
    24. RocketeerRocketeer ×3
    25. Mex
    26. RocketeerRocketeer
    27. SentrySentry
    28. RocketeerRocketeer ×2
    29. BeamerBeamer
    30. RocketeerRocketeer
    31. Windfor Pond
    32. TickTick
    33. RocketeerRocketeer
    34. Windfor Pond
    35. RocketeerRocketeer ×4
  3. 3

    5:00 to 10:00

    Economy
    • Metal Extractor1Mex
    • Wind Turbine17Wind
    Builders
    • Construction Turret2 Con turret
    • Lazarus2 Lazarus
    • Construction Bot1 Con bot
    Army
    • Sentry1 Sentry
    • Rocketeer8 Rocketeer
    • Pawn1 Pawn

    Some games also: tick (48%) · Radar Tower (46%) · energy storage (46%) · centurion (45%) · Beamer (39%)

    By 10:00 in all: 6 mex · 23 wind · 1 energy storage · 3 con turret

    The example game in this phase · 36 steps
    1. RocketeerRocketeer
    2. Mex
    3. Windfor Pond
    4. RocketeerRocketeer ×3
    5. Windfor Pond
    6. RocketeerRocketeer ×2
    7. Wind
    8. RocketeerRocketeer ×3
    9. TickTick
    10. RocketeerRocketeer ×2
    11. TickTick
    12. RocketeerRocketeer ×3
    13. TickTick
    14. RocketeerRocketeer ×2
    15. TickTick
    16. RocketeerRocketeer ×5
    17. CenturionCenturion ×2
    18. Mex
    19. TickTick
    20. CenturionCenturion
    21. LazarusLazarus ×3
    22. Dragon's TeethDragon's Teeth
    23. Dragon's TeethDragon's Teethfor Pond
    24. LazarusLazarus
    25. Dragon's TeethDragon's Teeth
    26. LazarusLazarus
    27. TickTick ×2
    28. CenturionCenturion
    29. Mex
    30. Advanced Metal ExtractorT2 mexfor Ponddone 11:04
    31. Con turretfor Pond
    32. TickTick
    33. CenturionCenturion
    34. TickTick
    35. CenturionCenturion
    36. TickTick ×14

Counts are medians over the build's games: half of them build more, half fewer. The example game is Xad's (42 OS, 01/10/2026); pick another.

Team trades

IN AT LEAST 30% OF ITS GAMES

You hand over

Nothing regular.

You get

  • Tidal Generator4 Tidal from Pondfirst at 0:10 · in 69% of games
  • Advanced Construction Bot1 T2 con bot from Geo or Techfirst at 7:31 · in 59% of games

How it plays out

Typical game of this build, running totals by minute

Metal produced

010k20k30k
0:005:0010:0015:00

metal

Enemy metal destroyed

05k10k
0:005:0010:0015:00

metal

Own metal lost

05k10k
0:005:0010:0015:00

metal

1571 games.

Show as table
ByMetal produced: This buildEnemy metal destroyed: This buildOwn metal lost: This build
1:0022600
2:0088900
3:002049180106
4:003158659496
5:00424314191026
6:00543522981789
7:00667231662707
8:00793040293617
9:00931747894497
10:001070654215319
11:001226558996054
12:001410765156819
13:001623170197525
14:001811476998340
15:002044183169228
WHAT THE NUMBERS SAY

Standard suicide front play wins slightly more than half its games with fast kills but also fast losses, matching the raw grind of the role.

  • + First kill lands by 2:04 in all games
  • + Metal produced reaches 19882 by 15:00
  • − Own metal lost hits 9208 by 15:00, near metal destroyed of 8172
  • − First unit lost as early as 2:08 in every game
THE EXAMPLE YOU ARE READING

Xad

41.7 OS · 01/10/2026

Open source match ↗

6 received units · includes a constructor
13 metal received · 22699 energy received

Allied construction assistance is unknown. Timings are observations, not a promise of solo reproducibility.

Typical milestones

Bot Lab0:20Middle 50%: 0:20–0:33 · n=1564
Advanced Metal Extractor9:36Middle 50%: 8:42–10:48 · n=1162

Played most by

_X_254games of this buildPlatinumBlonde182games of this buildXad133games of this buildImmort77games of this buildwatermeloans60games of this build
Standard suicide front · Armada Suicide front build order · BAR Build Atlas